 Dungeon Crawl Stone Soup version 0.24-a0-170-gd8427f5 (webtiles) character file.

Game seed: 8676887410467698182

64 galech the Skirmisher (level 3, 0/29 HPs)
             Began as a Demonspawn Fighter on Mar 11, 2019.
             Succumbed to an adder's poison
             ... on level 2 of the Dungeon.
             The game lasted 00:01:00 (1057 turns).

galech the Skirmisher (Demonspawn Fighter)          Turns: 1057, Time: 00:01:01

Health: 0/29       AC:  8    Str: 16    XL:     3   Next: 91%
Magic:  3/3        EV:  6    Int:  9    God:
Gold:   42         SH:  8    Dex: 13    Spells: 2/2 levels left

rFire    + . .     SeeInvis .   a - +0 war axe
rCold    + . .     Gourm    .   c - +0 shield
rNeg     . . .     Faith    .   b - +0 scale mail
rPois    +         Spirit   .   (no helmet)
rElec    +         Reflect  .   (no cloak)
rCorr    +         Harm     .   (no gloves)
MR       .....                  (no boots)
Stlth    ..........             (no amulet)
HPRegen  0.09/turn              (no ring)
MPRegen  0.08/turn              (no ring)

@: lethally poisoned (0 -> -4), resistant, heavily drained
A: iridescent scales 1
a: no special abilities


You were on level 2 of the Dungeon.
You were not hungry.

You visited 1 branch of the dungeon, and saw 2 of its levels.

You collected 42 gold pieces.

Inventory:

Hand Weapons
 a - a +0 war axe (weapon)
Armour
 b - a +0 scale mail (worn)
 c - a +0 shield (worn)
Scrolls
 e - a scroll of identify {unknown}
 i - a scroll of fear {unknown}
 l - a scroll of enchant armour {unknown}
Potions
 d - a potion of might
 k - a potion of curing {unknown}
Comestibles
 f - 5 rations


   Skills:
 + Level 3.3(1.8) Fighting
 + Level 2.5(1.0) Axes
 + Level 3.0(1.6) Armour
 + Level 0.3(0.0) Dodging
 + Level 3.3(1.9) Shields


You had 2 spell levels left.
You didn't know any spells.
Your spell library was empty.

Dungeon Overview and Level Annotations

Branches:
Dungeon (2/15)

Altars:


Innate Abilities, Weirdness & Mutations

You are partially covered in iridescent scales. (AC +2)


Message History

You are too injured to fight recklessly!
You are too injured to fight recklessly!
You are too injured to fight recklessly!
You are too injured to fight recklessly!
You are too injured to fight recklessly!
You are too injured to fight recklessly!
You are too injured to fight recklessly!
You are too injured to fight recklessly!
You are too injured to fight recklessly!
You are too injured to fight recklessly!
Unknown command.
It was a potion of magic.
Magic courses through your body. The adder bites you but does no damage.
The worm bites you.
* * * LOW HITPOINT WARNING * * *
The worm bites you!
* * * LOW HITPOINT WARNING * * *
You block the adder's attack.
It was a potion of resistance.
You feel protected.
You die...

.....# #...
.....# #..# #
.....# #..#
#.
.....####..#
.##
.......#..#
..#
.....#...##
..#
.....###..##
##..# ######
##..## ##ww#
#.#..###.@#
##.#..#..#S#
#.#.#...#.#g#
#############


You could see 2 worms, an adder and a goblin.

Vanquished Creatures
  An orc wizard (D:2)
  An ooze (D:1)
  A dart slug (D:1)
  4 orcs (D:2)
  A ball python (D:1)
  7 goblins
  A hobgoblin (D:1)
  3 jackals (D:1)
  2 kobolds
  2 bats
  A frilled lizard (D:2)
  3 rats
27 creatures vanquished.

Notes
Turn   | Place    | Note
-------+----------+-------------------------------------------
     0 | D:1      | galech the Demonspawn Fighter began the quest for the Orb.
     0 | D:1      | Reached XP level 1. HP: 18/18 MP: 1/1
   238 | D:1      | Gained mutation: You are partially covered in iridescent
                  | scales. (AC +2) [demonic ancestry]
   238 | D:1      | Reached XP level 2. HP: 23/24 MP: 2/2
   682 | D:2      | Reached XP level 3. HP: 29/29 MP: 3/3
  1056 | D:2      | HP: 1/29 [worm (7)]
  1057 | D:2      | Succumbed to an adder's poison

Levels and vault maps discovered:
D:1:      dpeg_arrival_circle_labyrinth_c, layout_basic
D:2:      minmay_diamond_boxcup, layout_basic, first_ration

Skill      XL: |  1  2 |
---------------+-------+-----
Shields        | 3 |  3.3
Axes           | 2 |  2.5
Armour         | 3 |  3.0
Fighting       | |  3.3
Dodging        | |  0.3

Action                   || total
-------------------------++-------
Melee: War axe           ||    81
  Use: Potion            ||     3
  Eat: Chunk             ||     1
Armor: Scale mail        ||    61
Dodge: Dodged            ||    20
Block: Shield            ||    48

Table legend:
 A = Non-vault XP
 B = Vault XP
 C = Vault XP percentage of total XP
 D = Non-vault monster count
 E = Vault monster count
 F = Vault count percentage of total count
                 A         B        C        D         E       F
            +---------+---------+-------+---------+---------+-------
      Total |      91 |       1 |   1.1 |      26 |       1 |   3.7
            +---------+---------+-------+---------+---------+-------
        D:1 |      33 |       0 |   0.0 |      14 |       0 |   0.0
        D:2 |      58 |       1 |   1.7 |      12 |       1 |   7.7
            +---------+---------+-------+---------+---------+-------
